 Dungeon Crawl Stone Soup version 0.31-a0-277-g31ea1f65cc (webtiles) character file.

Game seed: 8939596438187378892

10886 Iniera the Tainter (level 11, -13/64 HPs)
             Began as a Deep Elf Venom Mage on July 16, 2023.
             Was a High Priest of Cheibriados.
             Mangled by a very large slime creature (40 damage)
             ... on level 12 of the Dungeon.
             The game lasted 00:18:52 (12006 turns).

Iniera the Tainter (Deep Elf Venom Mage)           Turns: 12006, Time: 00:18:53

Health: -13/64     AC: 16    Str: 16    XL:     11   Next: 42%
Magic:  6/22       EV: 25    Int: 36    God:    Cheibriados [*****.]
Gold:   429        SH:  0    Dex: 26    Spells: 9/23 levels left

rFire   . . .        o - +2 short sword (elec)
rCold   . . .        (no shield)
rNeg    . . .        s - +0 steam dragon scales
rPois   .            A - +2 helmet {SInv}
rElec   .            (no cloak)
rCorr   .            w - +2 pair of gloves
SInv    +            (no boots)
Will    +....        j - amulet of the acrobat
Stlth   ++++         c - +5 ring of evasion
HPRegen 0.30/turn    B - +4 ring of protection
MPRegen 0.18/turn

%: acrobat
@: radiating poison, very slow
A: no striking features
a: Renounce Religion, Bend Time, Temporal Distortion, Slouch, Step From Time


You were on level 12 of the Dungeon.
You worshipped Cheibriados.
Cheibriados was extremely pleased with you.
You visited 2 branches of the dungeon, and saw 13 of its levels.

You collected 725 gold pieces.
You spent 296 gold pieces at shops.

Inventory:

Hand Weapons
 o - a +2 short sword of electrocution (weapon)
Armour
 s - +0 steam dragon scales (worn)
 w - a +2 pair of gloves (worn)
 A - a +2 helmet of see invisible (worn)
Magical Staves
 m - a staff of conjuration
Jewellery
 c - a +5 ring of evasion (left hand)
 d - a ring of poison resistance
 e - a ring of protection from fire
 h - a ring of magical power
 j - an amulet of the acrobat (around neck)
 k - a ring of flight
 B - a +4 ring of protection (right hand)
Wands
 r - a wand of roots (8)
 y - a wand of flame (17)
 z - a wand of charming (1)
 C - a wand of mindburst (5)
Scrolls
 a - a scroll of fog
 i - 2 scrolls of teleportation
 n - a scroll of revelation
 v - 2 scrolls of amnesia
Potions
 b - a potion of magic
 f - 2 potions of brilliance
 g - a potion of attraction
 l - 2 potions of might
 p - a potion of ambrosia
 q - a potion of heal wounds
 t - a potion of enlightenment
 u - a potion of berserk rage
 x - a potion of resistance {unknown}
 D - a potion of invisibility {unknown}


   Skills:
 + Level 6.0 Fighting
 - Level 3.2 Short Blades
 + Level 5.3 Armour
 + Level 8.3 Dodging
 - Level 6.0 Stealth
 + Level 6.5 Spellcasting
 + Level 4.7 Conjurations
 + Level 2.8 Hexes
 - Level 1.0 Necromancy
 - Level 2.9 Transmutations
 - Level 3.0 Air Magic
 + Level 8.6 Poison Magic
 + Level 7.0 Invocations
 - Level 0.3 Evocations


You had 9 spell levels left.
You knew the following spells:

 Your Spells              Type           Power      Damage    Failure   Level
a - Sting                 Tmut/Pois      100%       1d8       1%          1
b - Poisonous Vapours     Pois/Air       100%       N/A       1%          2
c - Mephitic Cloud        Conj/Pois/Air  50%        N/A       1%          3
d - Olgreb's Toxic Radia  Pois           65%        N/A       1%          4
e - Fulminant Prism       Conj/Hex       19%        3d10      7%          4

Your spell library contained the following spells:

 Spells                   Type           Power      Damage    Failure   Level
 Magic Dart               Conj           100%       1d8       1%          1
 Searing Ray              Conj           90%        2d7       1%          2
 Static Discharge         Conj/Air       78%        2-6/arc   1%          2
 Necrotise                Necr           76%        1d7       2%          1
 Apportation              Tloc           22%        N/A       3%          1
 Summon Small Mammal      Summ           44%        N/A       3%          1
 Vampiric Draining        Necr           19%        2d7       6%          3
 Airstrike                Air            16%        2d(3-19)  10%         4
 Summon Lightning Spire   Summ/Air       22%        N/A       19%         4
 Agony                    Necr           19%        N/A       52%         5


Dungeon Overview and Level Annotations

Branches:
Dungeon (12/15)            Temple (1/1) D:4            Lair (0/5) D:8
    Orc: D:9-12

Altars:
Ashenzari
Cheibriados
Dithmenos
Elyvilon
Fedhas
Gozag
Hepliaklqana
Kikubaaqudgha
Makhleb
Nemelex Xobeh
Okawaru
Qazlal
Ru
Sif Muna
Trog
Uskayaw
Vehumet
Wu Jian
Xom
Yredelemnul
Zin
The Shining One

Shops:
D:6 ?[   D:9 *

Annotations:
D:3 2 transporters
D:10 1 runed translucent door, cforsyth's ghost, journeyman OgSh
D:11 exclusion: oklob plant


Message History

The skeletal warrior is lightly damaged.
The blast of energy engulfs the large slime creature!!
The large slime creature is lightly wounded.
The blast of energy engulfs the slime creature!
The slime creature is moderately wounded.
The blast of energy engulfs the slime creature!
The slime creature is moderately wounded.
The blast of energy engulfs the skeletal warrior!
The skeletal warrior is moderately damaged.
The blast of energy engulfs the two-headed ogre!
You kill the two-headed ogre!
Cheibriados appreciates the change of pace.
A skeletal warrior comes into view. It is wielding a +0 halberd.
The skeletal warrior completely misses you.
You hear a shout! x5
Your Fighting skill increases to level 6!
Your Invocations skill increases to level 7!
You hit the two-headed ogre.
Lightning courses through the two-headed ogre!
You kill the two-headed ogre!
Cheibriados appreciates the change of pace.
You kill the orc!
Cheibriados thoroughly appreciates the change of pace.
Two slime creatures merge to form a large slime creature.
Two slime creatures merge to form a very large slime creature.
A large slime creature splits.
You fail to use your ability.
You kill the orc!
Cheibriados appreciates the change of pace.
The skeletal warrior hits you with a +2 vampiric hand axe.
The skeletal warrior completely misses you.
The slime creature hits you!
The slime creature hits you but does no damage.
Activating: Slouch (9% risk of failure)
Press: ? - help, Dir - look around, f - activate You can feel time thicken for a moment.
The skeletal warrior completely misses you.
The very large slime creature hits you!!!
Ouch! That really hurt!
You die...

#+ ...... .....# #..##
.).... .....# #...#
.).... .....# #..
.)z).##....# ######
#.........# #.....
.##.........# #.....
......JJz...# #.....
..)..hz@J...# #.....
..#####..#### #.....
...###.###########.....
#.....................
#################.....
######


You could see 3 skeletal warriors, a very large slime creature, 2 slime
creatures and a warg.

Vanquished Creatures
  3 two-headed ogres
  A cyclops (D:11)
  An ugly thing (D:11)
  A gargoyle (D:11)
  2 unseen horrors (D:11)
  A komodo dragon (D:8)
  2 trolls
  Prince Ribbit (D:7)
  Sigmund (D:4)
  A shadow (D:10)
  7 yaks
  3 steam dragons
  Menkaure (D:4)
  2 water moccasins
  An acid dragon (D:10)
  5 black bears
  Duvessa (D:5)
  A hornet zombie (D:7)
  3 sky beasts
  3 orc warriors
  A wolf (shapeshifter) (D:10)
  3 ogres
  A phantom (D:6)
  2 centaurs (D:7)
  A gnoll sergeant (D:9)
  2 kobold brigands
  A bullfrog (D:7)
  14 wights
  3 scorpions
  Dowan (D:5)
  8 killer bees
  2 howler monkeys (D:9)
  A lava snake (D:10)
  A jelly (D:6)
  3 orc priests
  2 centaur zombies (D:7)
  3 hounds
  3 gnoll boudas
  4 iguanas
  7 orc wizards
  3 sleepcaps
  A howler monkey zombie (D:7)
  15 gnolls
  5 adders
  A white imp (D:5)
  2 worms
  4 dart slugs
  32 orcs
  4 endoplasms
  4 giant cockroaches
  7 goblins
  8 hobgoblins
  6 jackals
  12 kobolds
  3 quokkas
  8 ball pythons
  4 bats
  5 frilled lizards
  6 rats
234 creatures vanquished.

Vanquished Creatures (others)
  5 fulminant prisms
5 creatures vanquished.

Grand Total: 239 creatures vanquished

Notes
Turn   | Place    | Note
-------+----------+-------------------------------------------
     0 | D:1      | Iniera the Deep Elf Venom Mage began the quest for the Orb.
     0 | D:1      | Reached XP level 1. HP: 10/10 MP: 6/6
   250 | D:1      | Reached XP level 2. HP: 7/15 MP: 2/8
   339 | D:1      | Learned a level 2 spell: Poisonous Vapours
   901 | D:1      | Reached XP level 3. HP: 17/20 MP: 6/9
  1576 | D:2      | Reached skill level 1 in Conjurations
  1899 | D:2      | Reached skill level 1 in Necromancy
  2018 | D:2      | Reached XP level 4. HP: 11/24 MP: 0/11
  2203 | D:2      | Learned a level 3 spell: Mephitic Cloud
  2208 | D:2      | Learned a level 4 spell: Olgreb's Toxic Radiance
  2362 | D:3      | Found a stormy altar of Qazlal.
  2423 | D:3      | Found a transporter.
  2477 | D:3      | Found a transporter.
  2680 | D:3      | Reached skill level 1 in Air Magic
  2696 | D:3      | Reached skill level 1 in Fighting
  2700 | D:3      | HP: 1/25 [orc priest/divine providence (16)]
  2704 | D:3      | Reached XP level 5. HP: 2/29 MP: 1/12
  3085 | D:3      | Found a glowing drain.
  3315 | D:4      | Noticed Sigmund
  3325 | D:4      | Killed Sigmund
  3326 | D:4      | Reached XP level 6. HP: 34/34 MP: 13/13
  3423 | D:4      | Noticed Menkaure
  3447 | D:4      | Killed Menkaure
  3530 | D:4      | Reached XP level 7. HP: 40/40 MP: 14/14
  3880 | D:4      | Found a staircase to the Ecumenical Temple.
  4016 | Temple   | Entered the Ecumenical Temple
  4289 | Temple   | Became a worshipper of Cheibriados the Contemplative
  4699 | D:5      | Entered Level 5 of the Dungeon
  4741 | D:5      | Noticed Duvessa
  4744 | D:5      | Reached skill level 5 in Stealth
  4744 | D:5      | Reached skill level 1 in Invocations
  4746 | D:5      | Noticed Dowan
  4749 | D:5      | Reached skill level 5 in Poison Magic
  4751 | D:5      | Reached skill level 1 in Armour
  4752 | D:5      | Reached XP level 8. HP: 33/45 MP: 15/15
  4752 | D:5      | Killed Duvessa
  4765 | D:5      | Killed Dowan
  5238 | D:6      | Reached * piety under Cheibriados
  5728 | D:6      | Found Ogox's Magic Scroll Shoppe.
  5757 | D:6      | Reached skill level 5 in Dodging
  5757 | D:6      | Reached XP level 9. HP: 52/52 MP: 16/16
  5858 | D:6      | Found Nuen's Antique Armour Shoppe.
  5863 | D:6      | Bought a shiny helmet for 240 gold pieces
  5960 | D:6      | Bought a scroll of identify for 28 gold pieces
  5960 | D:6      | Bought a scroll of identify for 28 gold pieces
  6268 | D:7      | Reached ** piety under Cheibriados
  6333 | D:7      | Noticed Prince Ribbit
  6346 | D:7      | Killed Prince Ribbit
  6523 | D:7      | HP: 2/72 [bullfrog (2)]
  6852 | D:7      | Reached skill level 5 in Invocations
  7773 | D:8      | Reached *** piety under Cheibriados
  7776 | D:8      | Reached XP level 10. HP: 58/58 MP: 17/17
  7993 | D:8      | Reached skill level 5 in Fighting
  7993 | D:8      | Reached skill level 1 in Short Blades
  8594 | D:8      | Found a staircase to the Lair.
  8895 | D:9      | Noticed a two-headed ogre
  8915 | D:9      | Killed a two-headed ogre
  8970 | D:9      | Identified the +4 mace "Patuh" {heavy, Fly rElec rC+ Dex+4}
  9420 | D:9      | Reached **** piety under Cheibriados
  9714 | D:9      | Reached skill level 5 in Spellcasting
  9853 | D:9      | Found Konas's Lightly-Used Armoury.
 10035 | D:10     | Entered Level 10 of the Dungeon
 10059 | D:10     | Found a runed translucent door.
 10059 | D:10     | Noticed cforsyth's ghost (journeyman OgSh)
 10531 | D:10     | Learned a level 4 spell: Fulminant Prism
 10624 | D:10     | Reached ***** piety under Cheibriados
 10680 | D:10     | a meliai changed into a guardian serpent
 10680 | D:10     | Noticed a guardian serpent (shapeshifter)
 10691 | D:10     | a guardian serpent changed into a black mamba
 10691 | D:10     | Noticed a black mamba (shapeshifter)
 10827 | D:10     | Noticed a black mamba
 11037 | D:11     | Reached XP level 11. HP: 64/64 MP: 13/21
 11043 | D:11     | Reached skill level 5 in Armour
 11048 | D:11     | Reached skill level 1 in Hexes
 11142 | D:11     | Noticed a red ugly thing
 11159 | D:11     | Killed a red ugly thing
 11562 | D:11     | Found a blossoming altar of Fedhas.
 11573 | D:11     | Noticed an oklob plant
 11993 | D:12     | Noticed a two-headed ogre
 11996 | D:12     | Noticed a two-headed ogre
 11996 | D:12     | Noticed a skeletal warrior
 11997 | D:12     | Noticed a skeletal warrior
 12003 | D:12     | Killed a two-headed ogre
 12003 | D:12     | Noticed a skeletal warrior
 12004 | D:12     | Killed a two-headed ogre
 12006 | D:12     | Mangled by a very large slime creature

Illustrated notes

Levels and vault maps discovered:
D:1:      dpeg_arrival_rooms_with_view, layout_basic
D:2:      layout_rooms, minmay_misc_feat_plants, roderic_serpentine_path
D:3:      layout_rooms, mainiacjoe_overflow_24_doors,
          gammafunk_ghost_gnarly_gnolls, portal_sewer_entry_e, kennysheep_donut
D:4:      layout_cave_pools, minmay_temple_entry_wispy, chequers_big_river,
          kennysheep_generic_room_14, uniq_menkaure, uniq_sigmund
D:5:      layout_rooms, nicolae_twisty_statue_hallways, uniq_duvessa
D:6:      layout_cave_pools, serial_shops, shop, shop, kennysheep_boxes
D:7:      layout_layer_cave, serial_undead, serial_undead_b, serial_undead_c,
          serial_undead_b, serial_undead_b, uniq_prince_ribbit1
D:8:      layout_basic, david_lair_shrubbed, palyth_stone_intersect
D:9:      layout_long_grid, minivault_19, minmay_shop_damaged
D:10:     layout_rooms, hellmonk_ghost_big_iron, chequers_garden,
          kennysheep_island_fort
D:11:     layout_basic, tgw_fedhas
D:12:     layout_roguey, erik_orc_4, serial_shops, nicolae_shop_rolled_up,
          patterned_corridor
Temple:   nicolae_temple_the_god_donut

Skill      XL: |  1  2  3  4  5  6  7  8  9 10 11 |
---------------+----------------------------------+-----
Conjurations   | 1 2 3 4 |  4.7
Stealth        | 3 4 5 6 |  6.0
Necromancy     | 1 |  1.0
Air Magic      | 1 2 3 |  3.0
Fighting       | 1 2 3 4 5 6 |  6.0
Transmutations | 2 |  2.9
Poison Magic   | 4 5 6 7 8 |  8.6
Dodging        | 3 5 6 7 8 |  8.3
Invocations    | 1 3 5 6 7 |  7.0
Armour         | 1 2 4 5 |  5.3
Short Blades   | 3 |  3.2
Spellcasting   | 5 6 |  6.5
Hexes          | 2 |  2.8
Evocations     | |  0.3

Action                     |  1- 3 |  4- 6 |  7- 9 | 10-12 || total
---------------------------+-------+-------+-------+-------++-------
  Melee: Dagger            |     3 |       |       |       ||     3
         Short sword       |    14 |    53 |   221 |   244 ||   532
         Staff             |    24 |       |       |       ||    24
         Punch             |       |     1 |     4 |     4 ||     9
   Cast: Sting             |    87 |    22 |    47 |     5 ||   161
         Poisonous Vapours |     5 |    11 |     6 |     1 ||    23
         Mephitic Cloud    |       |     2 |     4 |     3 ||     9
         Olgreb's Toxic Ra |       |     3 |    19 |    27 ||    49
         Fulminant Prism   |       |       |       |     5 ||     5
 Invoke: Slouch            |       |       |       |     1 ||     1
  Evoke: Wand              |       |       |     8 |     2 ||    10
    Use: Scroll            |       |     7 |     9 |     6 ||    22
         Potion            |       |     2 |     5 |     1 ||     8
   Stab: Sleeping          |     2 |       |     6 |     2 ||    10
         Confused          |       |       |     1 |     3 ||     4
 Armour: Robe              |    14 |     2 |    18 |       ||    34
         Skin              |       |       |    47 |       ||    47
         Steam dragon scal |       |       |    22 |    48 ||    70
  Dodge: Dodged            |    96 |    43 |   320 |   323 ||   782

Table legend: (Time is in decaauts)
 A = Elapsed time spent in this place.
 B = Non-inter-level travel time spent in this place.
 C = Inter-level travel time spent in this place.
 D = Time resting spent in this place.
 E = Time spent auto-exploring this place.
 F = Levels seen in this place.
 G = Mean time per level.
                   A        B        C        D        E       F      G
               +--------+--------+--------+--------+--------+-----+--------+
         Total |  14788 |  14130 |    658 |   1269 |  10771 |  13 | 1137.5 |
       Dungeon |  14499 |  13884 |    615 |   1269 |  10543 |  12 | 1208.2 |
        Temple |    288 |    246 |     42 |      0 |    228 |   1 |  288.0 |
               +--------+--------+--------+--------+--------+-----+--------+

Top non-repeatable levels by time:
     D:7: 1987 daAuts
     D:9: 1689 daAuts
     D:8: 1532 daAuts
    D:11: 1468 daAuts
    D:10: 1446 daAuts
     D:1: 1272 daAuts
     D:4: 1219 daAuts
     D:2: 1185 daAuts
     D:6: 1155 daAuts
     D:3: 820 daAuts
     D:5: 661 daAuts
  Temple: 288 daAuts
    D:12: 60 daAuts
